Map: Ley Lines

Players

Calyx

  • Race: Terran Terran
  • League: Master
  • Spawn Location: 1:00

A.I. 1 (Very Easy) - Winner!

  • Race: Zerg Zerg
  • Spawn Location: 7:00

VOD

Have the link to the VOD?

Description

Time

  • Played on: Oct. 9, 2025, 7:40 p.m.
  • Length: 7:35
Show
View Real Time Build Order
Export as new Build Order

Calyx Terran 

Build Orders: Reaper Expand 

Get SALT Encoding   

  12  0:00  SCV  
  13  0:13  SCV  
  14  0:16  Supply Depot  
  14  0:25  SCV  
  15  0:38  SCV  
  15  0:40  Barracks  
  16  0:44  Refinery  
  16  0:50  SCV  
  17  1:02  SCV  
  18  1:15  SCV  
  19  1:27  Reaper  
  19  1:28  Orbital Command  
  20  1:39  Command Center  
  20  1:46  Supply Depot  
  20  1:53  SCV  
  21  1:59  Marine  
  22  2:05  SCV  
  22  2:07  Factory  
  23  2:13  Bunker  
  23  2:17  Marine  
  23  2:20  SCV  
  25  2:24  Refinery  
  25  2:32  SCV  
  25  2:37  Barracks Reactor  
  26  2:44  SCV  
  27  2:51  Orbital Command  
  27  2:54  Hellion  
  27  2:56  Starport  
  29  2:58  SCV  
  30  3:10  SCV  
  31  3:14  Marine  
  31  3:15  Marine, Widow Mine  
  35  3:20  SCV  
  35  3:23  SCV  
  35  3:26  Supply Depot  
  37  3:32  Marine x2, SCV  
  40  3:35  SCV  
  40  3:37  Widow Mine  
  40  3:38  Medivac  
  45  3:44  SCV  
  45  3:47  SCV  
  47  3:49  Supply Depot  
  47  3:51  Marine  
  47  3:52  Marine  
  49  3:56  SCV  
  49  3:59  SCV  
  49  4:00  Factory Tech Lab  
  51  4:09  Starport Tech Lab, SCV  
  52  4:11  Barracks  
  52  4:12  SCV  
  52  4:14  Supply Depot  
  52  4:16  Engineering Bay  
  53  4:18  Refinery  
  53  4:22  Siege Tank  
  53  4:24  SCV x2  
  57  4:25  Marine x2  
  60  4:35  Supply Depot, Liberator  
  60  4:36  SCV  
  65  4:38  SCV  
  65  4:43  Marine x2  
  65  4:44  Terran Infantry Weapons Level 1  
  67  4:50  Barracks, SCV  
  68  4:55  Supply Depot  
  68  4:56  SCV  
  69  5:00  Siege Tank  
  69  5:02  SCV  
  73  5:09  Supply Depot  
  73  5:11  SCV  
  73  5:14  Barracks  
  73  5:15  Barracks  
  73  5:16  SCV  
  73  5:19  Marine x2  
  76  5:26  SCV  
  76  5:27  Starport Reactor  
  77  5:28  Refinery  
  77  5:32  Supply Depot, Marauder  
  77  5:35  Stimpack  
  79  5:44  Factory Reactor  
  79  5:45  Marine x2  
  79  5:46  Supply Depot  
  81  5:52  Supply Depot  
  81  5:53  Marauder  
  81  5:54  Combat Shield, Marauder  
  85  5:58  Supply Depot  
  85  6:01  Marine  
  85  6:02  Marine  
  85  6:03  Marine  
  88  6:06  Medivac x2  
  92  6:13  Marine  
  92  6:15  Marauder x2  
  97  6:19  Marine  
  97  6:22  Supply Depot  
  98  6:26  Marine  
  98  6:27  Marine  
  98  6:30  Widow Mine  
  98  6:31  Widow Mine  
  104  6:36  Marauder  
  104  6:37  Marauder  
  104  6:39  Marine x2  
  110  6:44  Supply Depot x2  
  110  6:48  Medivac x2  
  114  6:54  Marine x2  
  114  6:56  Marine  
  114  6:57  Widow Mine  
  114  6:58  Widow Mine, Marauder x2  
  125  7:06  Supply Depot  
  125  7:09  Marine  
  126  7:16  Marine x2  
  126  7:17  Marine  
  133  7:29  Supply Depot  
Show
View Real Time Build Order
Export as new Build Order

A.I. 1 (Very Easy) Zerg - Winner!

Build Orders: Pool First 

Get SALT Encoding   

  12  0:01  Drone  
  13  0:12  Overlord  
  13  0:17  Drone  
  14  0:34  Spawning Pool  
  13  0:37  Drone  
  13  0:41  Extractor  
  13  0:44  Drone  
  14  0:52  Overlord  
  14  1:21  Zergling x2  
  14  1:23  Queen  
  17  1:31  Roach Warren  
  16  1:34  Zergling x2, Drone  
  18  1:45  Drone  
  19  1:48  Zergling x2  
  20  1:55  Drone  
  21  2:06  Drone  
  22  2:17  Drone  
  23  2:27  Drone  
  24  2:30  Overlord  
  24  2:35  Drone  
  24  3:43  Zergling x2  
  25  4:59  Roach  
  27  5:00  Drone  
  27  5:01  Extractor, Lair  
  26  5:07  Drone  
  25  5:15  Drone  
  26  5:22  Drone  
  27  5:29  Drone  
  27  5:30  Overlord  
  27  5:31  Roach  
  30  5:36  Drone  
  31  5:43  Drone  
  32  6:01  Overseer x2  
  32  6:02  Zergling x2  
  29  6:28  Hatchery  
  29  6:31  Zergling x2  
  29  7:03  Roach  
Tags
 
Add a new tag
Caveats
  • Supply blocks, unpowered buildings, or Contaminate may cause inaccurate times.
  • Supply counts are checked every 10 seconds.